 Seeded DCSS version 0.31-a0-208-gdb31a4691d (webtiles) character file.

Game seed: 10414033630809901341 (custom seed)

421 innerfire43 the Trooper (level 6, 0/51 HPs)
             Began as a Demonspawn Monk on June 28, 2023.
             Was a Priest of Dithmenos.
             Slain by a gnoll
             ... wielding a +0 flail
              (4 damage)
             ... on level 4 of the Dungeon.
             The game lasted 00:04:25 (2811 turns).

innerfire43 the Trooper (Demonspawn Monk)           Turns: 2811, Time: 00:04:26

Health: 0/51       AC:  6    Str: 14    XL:     6   Next: 62%
Magic:  6/6        EV: 11    Int: 11    God:    Dithmenos [***...]
Gold:   149        SH:  0    Dex: 15    Spells: 5/5 levels left

rFire   . . .        q - +9 great sword of Sewiefups {heavy, Stlth+}
rCold   . . .        (shield currently unavailable)
rNeg    . . .        o - +0 ring mail
rPois   .            (no helmet)
rElec   .            (no cloak)
rCorr   .            n - +0 pair of gloves
SInv    .            (no boots)
Will    .....        m - amulet of reflection
Stlth   +            f - +4 ring of slaying
HPRegen 0.28/turn    (no ring)
MPRegen 0.10/turn

%: reflection
@: confused, wreathed by umbra
A: hooves 2, demonic guardian 1, weakness stinger 1
a: Renounce Religion, Shadow Step


You were on level 4 of the Dungeon.
You worshipped Dithmenos.
Dithmenos was most pleased with you.
You visited 1 branch of the dungeon, and saw 4 of its levels.

You collected 149 gold pieces.

Inventory:

Hand Weapons
 a - a +0 falchion
 q - the +9 great sword of Sewiefups (weapon) {heavy, Stlth+}
   (You found it on level 2 of the Dungeon)

   Stlth:     It makes you more stealthy.
Armour
 b - a +0 robe
 d - an orb of light
 l - a +0 robe of fire resistance
 n - a +0 pair of gloves (worn)
 o - a +0 ring mail (worn)
Jewellery
 f - a +4 ring of slaying (left hand)
 i - a ring of positive energy
 m - an amulet of reflection (around neck)
 p - a ring of protection from fire
Wands
 j - a wand of flame (21)
Scrolls
 e - 2 scrolls of identify
 g - 3 scrolls of teleportation
 k - 3 scrolls of revelation
 r - a scroll of fear
Potions
 c - 2 potions of ambrosia
 h - 2 potions of heal wounds {unknown}
 s - 2 potions of curing {unknown}


   Skills:
 * Level 5.2 Fighting
 * Level 4.8 Long Blades
 + Level 2.1 Armour
 - Level 3.0 Dodging


You had 5 spell levels left.
You didn't know any spells.
Your spell library was empty.

Dungeon Overview and Level Annotations

Branches:
Dungeon (4/15)
 Temple: D:4-7

Altars:
Dithmenos
Wu Jian


Innate Abilities, Weirdness & Mutations

You have hoof-like feet.
A weak demonic guardian rushes to your aid.
You have a small tail.


Message History

The gnoll hits you with a +0 flail.
There are monsters nearby!
You barely miss the orc wizard.
Your tail-slap misses the orc wizard.
The gnoll misses you. The orc wizard barely misses you.
The gnoll hits you with a +0 flail. You block the gnoll's attack.
The gnoll hits you but does no damage. You block the gnoll's attack.
The orc wizard barely misses you. The gnoll misses you.
The gnoll hits you with a +0 flail. The orc hits you with a +0 club.
The gnoll hits you with a +0 club. The orc wizard closely misses you.
The gnoll hits you from afar with a +0 halberd.
You closely miss the orc wizard. The gnoll closely misses you.
The orc wizard hits you but does no damage.
You block the orc's attack. The gnoll hits you but does no damage.
You block the gnoll's attack. The gnoll closely misses you.
The gnoll misses you.
The orc wizard points at you and mumbles some strange words.
The puff of flame hits you.
* * * LOW HITPOINT WARNING * * *
The gnoll closely misses you. The orc hits you with a +0 club.
* * * LOW HITPOINT WARNING * * *
A demonic guardian appears!
You barely miss the orc wizard.
Your tail-slap misses the orc wizard.
The orc hits you with a +0 club.
* * * LOW HITPOINT WARNING * * *
You block the gnoll's attack. You block the orc wizard's attack.
The gnoll closely misses you. x2
Your white imp hits the orc but does no damage.
The orc hits you but does no damage. The gnoll hits you with a +0 club.
* * * LOW HITPOINT WARNING * * *
The gnoll closely misses you. The gnoll misses you.
The orc wizard points at you and mumbles some strange words.
You are confused.
Your white imp hits the orc.
Your white imp freezes the orc.
The gnoll attacks as you move away! The gnoll closely misses you.
The orc barely misses your white imp. The gnoll closely misses you.
Your white imp hits the orc but does no damage.
The orc completely misses your white imp.
Your white imp hits the orc but does no damage.
The gnoll attacks as you move away! The gnoll hits you with a +0 flail.
You die...

#.. ##..)##)..######..
#..##..)......# #..#
#........####.#####.##
#####..##.#####...........
..........##.... ...#####
.....5.......... ....
##...o#.##.#### #.##
#.....gg#.(# #......g@.##
.......o#### ........#
........# ........#
......... .##...##? ####


You could see an orc wizard, 3 gnolls, an orc (distracted, ally target) and a
friendly white imp (summoned).

Vanquished Creatures
  The ghost of innerfire43 the Trooper, an amateur DsMo (D:3)
  A kobold brigand (D:3)
  A howler monkey (D:4)
  A jelly (D:3)
  Terence (D:2)
  A gnoll (D:4)
  4 adders
  2 worms
  3 dart slugs
  9 orcs
  6 endoplasms
  2 giant cockroaches
  9 goblins
  6 hobgoblins
  7 jackals
  13 kobolds
  4 quokkas
  7 ball pythons
  8 bats
  4 frilled lizards
  5 rats
95 creatures vanquished.

Vanquished Creatures (collateral kills)
  A ball python (D:3)
1 creature vanquished.

Grand Total: 96 creatures vanquished

Notes
Turn   | Place    | Note
-------+----------+-------------------------------------------
     0 | D:1      | innerfire43 the Demonspawn Monk began the quest for the
                  | Orb.
     0 | D:1      | Reached XP level 1. HP: 18/18 MP: 1/1
    83 | D:1      | Gained mutation: A weak demonic guardian rushes to your
                  | aid. [demonic ancestry]
    83 | D:1      | Reached XP level 2. HP: 21/24 MP: 2/2
   393 | D:1      | Discovered your monstrous ancestry.
   393 | D:1      | Gained mutation: You have large cloven feet. [demonic
                  | ancestry]
   393 | D:1      | Reached XP level 3. HP: 29/29 MP: 3/3
   936 | D:2      | Identified the +9 great sword of Sewiefups {heavy, Stlth+}
   991 | D:2      | Gained mutation: You have hoof-like feet. [demonic
                  | ancestry]
   991 | D:2      | Reached XP level 4. HP: 36/37 MP: 4/4
  1122 | D:2      | Noticed Terence
  1126 | D:2      | Killed Terence
  1127 | D:2      | Reached skill level 4 in Fighting
  1332 | D:3      | Reached skill level 1 in Armour
  1763 | D:3      | Reached XP level 5. HP: 42/42 MP: 5/5
  1936 | D:3      | Found a runed translucent gate.
  1936 | D:3      | Found a runed translucent gate.
  1936 | D:3      | Found a runed translucent gate.
  1939 | D:3      | Noticed innerfire43's ghost (amateur DsMo)
  2147 | D:3      | Found an ornate altar of the Wu Jian Council.
  2316 | D:3      | Found a faded altar of an unknown god.
  2476 | D:3      | Gained mutation: You have a small tail. [demonic ancestry]
  2476 | D:3      | Reached XP level 6. HP: 50/50 MP: 6/6
  2480 | D:3      | Killed innerfire43's ghost
  2481 | D:3      | Reached skill level 5 in Fighting
  2682 | D:3      | Prayed at the altar of an unknown god.
  2682 | D:3      | Became a worshipper of Dithmenos the Shadowed
  2682 | D:3      | Reached * piety under Dithmenos
  2682 | D:3      | Reached ** piety under Dithmenos
  2791 | D:4      | Reached *** piety under Dithmenos
  2811 | D:4      | Slain by a gnoll

Illustrated notes

Levels and vault maps discovered:
D:1:      heliophobic_arrival_henge, layout_basic
D:2:      layout_rooms, uniq_terence
D:3:      layout_loops_corners, mainiacjoe_overflow_cross_hatched,
          nicolae_wu_jian_immortal_techniques, gammafunk_ghost_nasty_kobolds,
          shapermc_ecumenical_altar_flowoftime
D:4:      layout_rooms, minmay_temple_entry_glassed_door

Skill      XL: |  1  2  3  4  5  6 |
---------------+-------------------+-----
Long Blades    | 3 4 |  4.8
Dodging        | 3 |  3.0
Fighting       | 4 5 |  5.2
Armour         | 1 2 |  2.1

Action                     |  1- 3 |  4- 6 || total
---------------------------+-------+-------++-------
  Melee: Falchion          |    74 |       ||    74
         Kick              |     6 |    14 ||    20
         Great sword       |     2 |    82 ||    84
         Tailslap          |       |     2 ||     2
    Use: Scroll            |       |     6 ||     6
   Stab: Sleeping          |       |     3 ||     3
 Armour: Robe              |    10 |       ||    10
         Ring mail         |    13 |    31 ||    44
  Dodge: Dodged            |    47 |    55 ||   102
  Block: Orb               |     5 |       ||     5
         Other             |       |    26 ||    26
         Reflection        |       |     1 ||     1

Table legend: (Time is in decaauts)
 A = Elapsed time spent in this place.
 B = Non-inter-level travel time spent in this place.
 C = Inter-level travel time spent in this place.
 D = Time resting spent in this place.
 E = Time spent auto-exploring this place.
 F = Levels seen in this place.
 G = Mean time per level.
                   A        B        C        D        E       F      G
               +--------+--------+--------+--------+--------+-----+--------+
         Total |   2924 |   2684 |    240 |      0 |   2018 |   4 |  731.0 |
       Dungeon |   2924 |   2684 |    240 |      0 |   2018 |   4 |  731.0 |
               +--------+--------+--------+--------+--------+-----+--------+

Top non-repeatable levels by time:
     D:3: 1508 daAuts
     D:1: 764 daAuts
     D:2: 519 daAuts
     D:4: 132 daAuts
